AoeStats
← Morgoth_Ak

Arabia

508189668Analyzed
1v1 RM · 12d ago on Sep 21, 2026· 17m 11s· 2 players
Game mode
Random Map
Map size
Tiny (2 player)
Population
200
Speed
Normal
Resources
Standard
Victory
Conquest
Starting age
Dark Age
Ending age
Imperial Age
RankedLock teamsTeams togetherTeam positionsShared explorationLock speedFull tech treeHidden civsTurbo modeCheats
Victory
Defeat
🇫🇷 Mongols · France
1117
+17
🇧🇷 Byzantines · Brazil
1141
-17
Morgoth_Ak
1:54 Loom
9:48 Feudal Age
12:23 Forging
12:33 Double-Bit Axe
16:24 Wheelbarrow
17:18 Horse Collar
MarceleZa
6:34 Loom
9:55 Feudal Age
10:55 Double-Bit Axe
Connection lost

Rejoining the realm…

Still unreachable

The connection could not be restored.

Session expired

The server has moved on; the page needs a fresh start.